 Dungeon Crawl Stone Soup version 0.31-a0-636-ge1c0e020e0 (webtiles) character file.

Game seed: 14556298375540097265

4542 Shayle the Fighter (level 10, -2/110 HPs)
             Began as an Ogre Shapeshifter on Aug 25, 2023.
             Was an Initiate of Ashenzari.
             Slain by a wraith (9 damage)
             ... on level 9 of the Dungeon on Aug 27, 2023.
             The game lasted 00:22:30 (10380 turns).

Shayle the Fighter (Ogre Shapeshifter)             Turns: 10380, Time: 00:22:31

Health: -2/110     AC:  7    Str: 27    XL:     10   Next: 40%
Magic:  5/19       EV: 15    Int: 13    God:    Ashenzari [......]
Gold:   439        SH:  5    Dex:  9    Spells: 15/21 levels left

rFire   . .          .
                       - Unarmed
rCold   . . .        (no shield)
rNeg    . . .        q - +1 steam dragon scales
rPois   .            (helmet currently unavailable)
rElec   .            (cloak currently unavailable)
rCorr   .            (gloves unavailable)
SInv    .            (boots unavailable)
Will    +....        k - amulet of the Prophetic Sky {Reflect SH+5, Comp, Alch} (curse)
Stlth   +            e - +6 ring of strength
HPRegen 0.38/turn    f - +5 ring of evasion
MPRegen 0.16/turn

%: reflection
@: beast-form, slowed, very slow
A: beast (slay +2), large, unfitting armour, tough skin 1
a: Begin Untransformation, Renounce Religion, Curse Item, Shatter the Chains


You were on level 9 of the Dungeon.
You worshipped Ashenzari.
Ashenzari was noncommittal.
You were a hulking beast.
You visited 2 branches of the dungeon, and saw 10 of its levels.
You also visited: Sewer.

You collected 439 gold pieces.

Inventory:

Hand Weapons
 D - a +2 dagger of draining
Missiles
 E - a curare-tipped dart
Armour
 a - a +0 animal skin
 q - +1 steam dragon scales (worn)
 v - the orb of the Miller {*channel, Will+ Slay+3}
   (You found it on level 4 of the Dungeon)

   Slay+3:    It affects your accuracy & damage with ranged weapons and melee
   (+3).
   Will+:     It increases your willpower.
 H - a +0 robe of fire resistance
Jewellery
 e - a +6 ring of strength (left hand)
 f - a +5 ring of evasion (right hand)
 g - a +6 ring of dexterity
 j - a +4 ring of slaying
 k - the cursed amulet of the Prophetic Sky (around neck) {Reflect SH+5, Comp, Alch}
   (You found it on level 5 of the Dungeon)

   [amulet of reflection]

   Reflect:   It reflects blocked missile attacks.
   SH+5:      It affects your SH (+5).
   It has a curse which improves the following skills: Companions: Summonings
   and Necromancy.
   Alchemy:   Poison Magic and Transmutations.
 s - a +6 ring of dexterity
 B - an amulet of regeneration
Talismans
 c - a beast talisman (active)
 d - a flux talisman
Wands
 u - a wand of paralysis (4)
 y - a wand of flame (8)
 G - a wand of roots (5)
Scrolls
 i - 2 scrolls of silence
 n - a scroll of enchant weapon
 p - a scroll of butterflies
 t - a scroll of torment
 x - 2 scrolls of poison
 A - a scroll of amnesia
Potions
 l - 2 potions of invisibility {unknown}
 m - 6 potions of enlightenment
 o - a potion of resistance
 r - a potion of magic
 z - a potion of ambrosia {unknown}


   Skills:
 + Level 9.8 Fighting
 - Level 4.4 Dodging
 - Level 4.9 Unarmed Combat
 + Level 6.3 Spellcasting
 + Level 5.2(5.6) Necromancy
 + Level 5.2 Ice Magic
 - Level 5.1 Shapeshifting


You had 15 spell levels left.
You knew the following spells:

 Your Spells              Type           Power      Damage    Failure   Level
a - Frozen Ramparts       Ice            34%        1d6       6%          3
b - Vampiric Draining     Necr           18%        2d7       4%          3

Your spell library contained the following spells:

 Spells                   Type           Power      Damage    Failure   Level
 Freeze                   Ice            68%        1d8       1%          1
 Slow                     Hex            16%        N/A       17%         1
 Hailstorm                Conj/Ice       10%        3d5       17%         3
 Blink                    Tloc           8%         N/A       26%         2
 Ignite Poison            Fire/Tmut/Pois 4%         N/A       43%         3
 Confusing Touch          Hex            4%         N/A       45%         3
 Portal Projectile        Hex/Tloc       8%         N/A       45%         3
 Tukima's Dance           Hex            4%         N/A       45%         3
 Vhi's Electric Charge    Tloc/Air       8%         N/A       45%         3
 Iskenderun's Mystic Bla  Conj/Tloc      4%         2d3       86%         4
 Manifold Assault         Tloc           4%         N/A       86%         4
 Passage of Golubria      Tloc           4%         N/A       86%         4
 Sticky Flame             Conj/Fire      4%         2d3       86%         4
 Arcjolt                  Conj/Air       2%         1d12      99%         5
 Yara's Violent Unravell  Hex/Tmut       2%         3d3       99%         5
 Ignition                 Fire           2%         3d3       100%        8
 Maxwell's Capacitive Co  Air            2%         ∞         100%        8


Dungeon Overview and Level Annotations

Branches:
Dungeon (9/15)             Temple (1/1) D:7           Sewer (visited)
   Lair: D:8-11         Orc: D:9-12

Altars:
Ashenzari
Cheibriados
Elyvilon
Fedhas
Gozag
Hepliaklqana
Kikubaaqudgha
Makhleb
Nemelex Xobeh
Okawaru
Qazlal
Ru
Sif Muna
Trog
Uskayaw
Vehumet
Wu Jian
Yredelemnul
Zin
The Shining One

Shops:
D:4 [   D:6 =*

Annotations:
D:5 3 runed translucent doors, Age's ghost, amateur MiFi
D:8 Gastronok
D:9 Pikel


Innate Abilities, Weirdness & Mutations

You are a hulking beast.
Your limbs bulge with bestial killing power. (Slay +2)
You are too large for most types of armour.
You have tough skin. (AC +1)


Message History

You hit the wraith.
The wraith is lightly damaged.
The wraith hits you but does no damage.
Aiming: Paralyse
Press: ? - help, Shift-Dir - straight line, f/p - wraith
Aim: a wraith (lightly damaged, chance to affect: 17%)
The wraith resists with almost no effort.
The wraith hits you.
* * * LOW HITPOINT WARNING * * *
The wraith drains your vigour!
You feel yourself slow down.
You barely miss the wraith.
The wraith is lightly damaged.
The wraith hits you.
* * * LOW HITPOINT WARNING * * *
The wraith drains your vigour!
You feel as though you will be slow longer.
The wraith barely misses you.
Okay, then.
Okay, then.
Okay, then.
You hit the wraith.
The wraith is moderately damaged.
The wraith hits you but does no damage.
Unknown command.
You hit the wraith but do no damage.
The wraith is moderately damaged.
The wraith closely misses you.
Pikel, Merchant of Souls comes into view.
He is wielding a +2 whip of flaming.
The wraith closely misses you.
You hit the wraith.
The wraith is moderately damaged.
The wraith barely misses you.
You hit the wraith but do no damage.
The wraith is moderately damaged.
The wraith hits you but does no damage.
A lemure comes into view.
You hit the wraith.
The wraith is heavily damaged.
The wraith barely misses you. The wraith hits you!
You die...

## #.####
#...h#
#.#W##
#.#K# ...#
#.##..#
#.D5†.#
......##†#
..###. #.#
#.######


You could see Pikel, a wraith and a lemure.

Vanquished Creatures
  Joseph (D:8)
  Psyche (D:8)
  Grinder (D:5)
  A wyvern (D:9)
  Grum (D:8)
  3 steam dragons
  An acid dragon (D:9)
  2 water moccasins
  A sky beast (D:8)
  2 orc warriors
  2 ogres (D:7)
  4 wolves (D:8)
  A centaur (D:6)
  2 kobold brigands (D:7)
  3 bullfrogs
  2 scorpions
  11 killer bees
  2 vampire bats (D:8)
  4 howler monkeys
  A crimson imp (D:5)
  4 jellies
  A gnoll bouda (D:8)
  3 orc priests
  4 orc wizards
  Ijyb (D:5)
  5 gnolls
  16 adders
  4 river rats (Sewer)
  A white imp (D:7)
  2 worms
  4 dart slugs
  22 orcs
  10 ball pythons
  11 bats
  3 bat skeletons (D:8)
  3 bat zombies (D:8)
  8 endoplasms
  3 giant cockroaches (Sewer)
  5 goblins
  4 hobgoblins
  8 jackals
  7 quokkas
  6 frilled lizards
  17 kobolds
  6 rats
204 creatures vanquished.

Vanquished Creatures (others)
  An orc (D:7)
1 creature vanquished.

Grand Total: 205 creatures vanquished

Notes
Turn   | Place    | Note
-------+----------+-------------------------------------------
     0 | D:1      | Shayle the Ogre Shapeshifter began the quest for the Orb.
     0 | D:1      | Reached XP level 1. HP: 19/19 MP: 1/1
     0 | D:1      | Upgraded the game from 0.31-a0-632-g766dd24fdf to
                  | 0.31-a0-636-ge1c0e020e0
   129 | D:1      | Reached XP level 2. HP: 24/28 MP: 2/2
   135 | D:1      | Reached skill level 2 in Fighting
   812 | D:1      | Reached XP level 3. HP: 35/35 MP: 3/3
  1895 | D:3      | Reached XP level 4. HP: 41/44 MP: 4/4
  1945 | D:3      | Found a faded altar of an unknown god.
  1975 | D:3      | Reached skill level 3 in Fighting
  1979 | D:3      | Found a blossoming altar of Fedhas.
  2177 | D:3      | Found an iron altar of Okawaru.
  2500 | D:4      | Found Kirapiug's Armour Shop.
  2563 | D:4      | Reached XP level 5. HP: 36/53 MP: 5/5
  2826 | D:4      | Identified the orb of the Miller {*channel, Will+ Slay+3}
  2980 | D:4      | Found a glowing drain.
  2987 | Sewer    | Entered a sewer
  3015 | Sewer    | Reached XP level 6. HP: 62/62 MP: 6/6
  3183 | Sewer    | Reached skill level 4 in Fighting
  3297 | Sewer    | Learned a level 3 spell: Frozen Ramparts
  4069 | D:5      | Entered Level 5 of the Dungeon
  4225 | D:5      | Noticed Ijyb
  4228 | D:5      | Found a sacrificial altar of Ru.
  4263 | D:5      | Killed Ijyb
  4416 | D:5      | Found a stormy altar of Qazlal.
  4420 | D:5      | Found a white marble altar of Elyvilon.
  4675 | D:5      | Noticed a water moccasin
  4685 | D:5      | Killed a water moccasin
  4686 | D:5      | Reached XP level 7. HP: 51/71 MP: 7/7
  5100 | D:5      | Noticed Grinder
  5114 | D:5      | Killed Grinder
  5115 | D:5      | Reached skill level 5 in Fighting
  5167 | D:5      | Found a burning altar of Makhleb.
  5385 | D:5      | Noticed Age's ghost (amateur MiFi)
  5390 | D:5      | Found a runed translucent gate.
  5390 | D:5      | Found a runed translucent gate.
  5393 | D:5      | Identified the +5 chain mail of Beyond {Drain rPois rF-
                  | MP+9}
  5394 | D:5      | Found a runed translucent gate.
  5524 | D:6      | Reached skill level 5 in Shapeshifting
  5524 | D:6      | Reached XP level 8. HP: 36/83 MP: 8/8
  5549 | D:6      | Learned a level 3 spell: Vampiric Draining
  5742 | D:6      | Reached skill level 6 in Fighting
  5774 | D:6      | Found an ornate altar of the Wu Jian Council.
  5791 | D:6      | Found Plog's Jewellery Shoppe.
  5820 | D:6      | Found an opulent altar of Gozag.
  5821 | D:6      | Found Gozag's Platinum Reserve.
  6005 | D:6      | Reached skill level 1 in Spellcasting
  6015 | D:6      | Reached skill level 1 in Necromancy
  6015 | D:6      | Reached skill level 1 in Ice Magic
  6345 | D:7      | Found a basalt altar of Yredelemnul.
  6843 | D:7      | Reached skill level 7 in Fighting
  6920 | D:7      | Reached XP level 9. HP: 46/93 MP: 13/13
  7566 | D:7      | Found a staircase to the Ecumenical Temple.
  7574 | Temple   | Entered the Ecumenical Temple
  7579 | Temple   | Became a worshipper of Ashenzari the Shackled
  8372 | D:8      | Reached skill level 8 in Fighting
  8600 | D:8      | Noticed Psyche
  8614 | D:8      | Killed Psyche
  8812 | D:8      | Noticed Grum
  8985 | D:8      | Killed Grum
  8989 | D:8      | Reached skill level 5 in Spellcasting
  8991 | D:8      | Noticed Joseph
  9001 | D:8      | Paralysed by Joseph for 4 turns
  9012 | D:8      | Paralysed by Joseph for 2 turns
  9015 | D:8      | Killed Joseph
  9017 | D:8      | Reached skill level 9 in Fighting
  9021 | D:8      | Reached XP level 10. HP: 53/107 MP: 16/18
  9191 | D:8      | Found an ancient bone altar of Kikubaaqudgha.
  9274 | D:8      | Noticed Gastronok
  9953 | D:9      | Reached skill level 5 in Necromancy
 10147 | D:9      | Reached skill level 5 in Ice Magic
 10366 | D:9      | HP: 1/110 [acid dragon (12)]
 10375 | D:9      | HP: 5/110 [wraith (5)]
 10377 | D:9      | Noticed Pikel
 10380 | D:9      | Slain by a wraith

Illustrated notes

Levels and vault maps discovered:
D:1:      sevenhm_arrival_forest_fort_large_4, layout_basic,
          chequers_serial_rivers_small_b
D:2:      layout_basic
D:3:      layout_basic, lemuel_round_altar,
          hellmonk_okawaru_the_only_friend_you_need,
          shapermc_ecumenical_altar_mp_ritualfount
D:4:      layout_rooms, gup_sewer_entry_bubbles, chequers_big_river,
          roderic_lattice_a, corexii_item_surrounded_by_moat,
          nicolae_take_the_stairs
D:5:      layout_loops_corners, makhleb_grotto_becter,
          minmay_overflow_temple_star_quad, biasface_ghost_orc_armoury,
          uniq_grinder, uniq_ijyb
D:6:      layout_basic, nzn_wu_jian_contemplation,
          nicolae_gozag_zags_fifth_avenue, serial_shops, shop,
          grunt_ministairs_10
D:7:      layout_loops_ring, lemuel_tele_altar, temple_doors_e
D:8:      layout_gridville, kennysheep_vampire_church, grunt_decor_one_mirror,
          uniq_joseph, uniq_gastronok, uniq_psyche, uniq_grum
D:9:      layout_basic, nicolae_dithmenos_through_a_glass_darkly, erik_orc_1,
          uniq_pikel
Temple:   hellmonk_temple_micro_hex

Skill      XL: |  1  2  3  4  5  6  7  8  9 10 |
---------------+-------------------------------+-----
Dodging        | 2 3 4 |  4.4
Fighting       | 2 3 4 5 7 9 |  9.8
Unarmed Combat | 3 4 |  4.9
Shapeshifting  | 4 5 |  5.1
Spellcasting   | 3 5 6 |  6.3
Necromancy     | 2 4 5 |  5.2
Ice Magic      | 2 4 5 |  5.2

Action                     |  1- 3 |  4- 6 |  7- 9 | 10-12 || total
---------------------------+-------+-------+-------+-------++-------
  Melee: Unarmed           |   116 |   253 |   286 |    92 ||   747
         Punch             |       |     7 |    11 |     2 ||    20
   Cast: Vampiric Draining |       |       |       |     8 ||     8
         Frozen Ramparts   |       |       |       |     3 ||     3
 Invoke: Curse Item        |       |       |     1 |       ||     1
  Evoke: Wand              |       |     2 |     4 |    18 ||    24
    Use: Scroll            |       |     9 |     9 |     6 ||    24
         Potion            |       |     3 |     5 |     4 ||    12
   Stab: Sleeping          |       |     2 |       |       ||     2
         Paralysed         |       |     7 |       |       ||     7
 Armour: Animal skin       |    13 |    53 |    37 |     9 ||   112
         Skin              |       |     1 |    86 |       ||    87
         Steam dragon scal |       |       |       |     9 ||     9
  Dodge: Dodged            |    72 |   186 |   164 |   115 ||   537
  Block: Other             |       |       |    41 |    30 ||    71

Table legend: (Time is in decaauts)
 A = Elapsed time spent in this place.
 B = Non-inter-level travel time spent in this place.
 C = Inter-level travel time spent in this place.
 D = Time resting spent in this place.
 E = Time spent auto-exploring this place.
 F = Levels seen in this place.
 G = Mean time per level.
                   A        B        C        D        E       F      G
               +--------+--------+--------+--------+--------+-----+--------+
         Total |  10324 |   9991 |    333 |   1797 |   6292 |  11 |  938.5 |
       Dungeon |   9665 |   9337 |    328 |   1702 |   6068 |   9 | 1073.9 |
        Temple |     10 |      5 |      5 |      0 |      0 |   1 |   10.0 |
         Sewer |    648 |    648 |      0 |     95 |    224 |   1 |  648.0 |
               +--------+--------+--------+--------+--------+-----+--------+

Top non-repeatable levels by time:
     D:8: 1740 daAuts
     D:7: 1660 daAuts
     D:5: 1402 daAuts
     D:4: 999 daAuts
     D:1: 918 daAuts
     D:2: 780 daAuts
     D:9: 765 daAuts
     D:3: 702 daAuts
     D:6: 694 daAuts
   Sewer: 648 daAuts
  Temple: 10 daAuts
